 Dungeon Crawl Stone Soup version 0.27-a0-1189-gb8eb6ce (webtiles) character file.

Game seed: 17223553397580367824

756 GeorgeSoros the Covered (level 8, -18/62 HPs)
             Began as a Formicid Wanderer on May 22, 2021.
             Blown up by Pikel (26 damage)
             ... with a mindburst bolt
             ... on level 5 of the Dungeon.
             The game lasted 00:18:13 (5969 turns).

GeorgeSoros the Covered (Formicid Wanderer)         Turns: 5969, Time: 00:18:13

Health: -18/62     AC: 15    Str: 26    XL:     8   Next: 7%
Magic:  0/0        EV: 10    Int: 14    God:
Gold:   159        SH:  0    Dex: 17    Spells: 8/9 levels left

rFire    . . .     SeeInvis +   a - +0 spear (venom)
rCold    . . .     Faith    .   (no shield)
rNeg     + . .     Spirit   .   c - +3 scale mail
rPois    .         Reflect  .   (helmet unavailable)
rElec    .         Harm     .   (no cloak)
rCorr    .         Rampage  .   (no gloves)
Will     .....                  f - +0 pair of boots
Stlth    ..........             (no amulet)
HPRegen  0.20/turn              i - ring of the Komtur {rN+ MP-9 AC+4 Str+8 Int+2}
MPRegen  0.07/turn              l - +6 ring of dexterity

@: confused, ambrosia-drunk
A: permanent stasis, dig shafts and tunnels, antennae 3, four strong arms
a: Dig, Shaft Self


You were on level 5 of the Dungeon.
You visited 1 branch of the dungeon, and saw 5 of its levels.

You collected 159 gold pieces.

Inventory:

Hand Weapons
 a - a +0 spear of venom (weapon)
 b - the +3 hunting sling of Inference {venom, Dex+2}
   (You found it on level 4 of the Dungeon)

   It poisons the ammo it fires.
   It affects your dexterity (+2).
Missiles
 e - 22 poisoned darts (quivered)
 g - 2 throwing nets
 p - 6 stones
Armour
 c - a +3 scale mail (worn)
 f - a +0 pair of boots (worn)
Jewellery
 d - a ring of protection from cold
 i - the ring of the Komtur (left hand) {rN+ MP-9 AC+4 Str+8 Int+2}
   (You found it on level 4 of the Dungeon)

   [ring of protection]

   It affects your AC (+4).
   It affects your strength (+8).
   It affects your intelligence (+2).
   It protects you from negative energy.
   It affects your magic capacity (-9).
 l - a +6 ring of dexterity (right hand)
Scrolls
 k - a scroll of magic mapping
 n - a scroll of identify
Potions
 h - 5 potions of curing
 j - a potion of resistance
 m - a potion of flight


   Skills:
 + Level 5.2 Fighting
 + Level 2.2 Slings
 + Level 5.6 Armour
 - Level 1.2 Stealth
 - Level 4.8 Shields
 - Level 1.1 Spellcasting
 - Level 1.1 Necromancy
 - Level 2.0 Fire Magic
 - Level 1.5 Air Magic


You had 8 spell levels left.
You knew the following spells:

 Your Spells              Type           Power      Damage    Failure   Level
a - Pain                  Necr           16%        1d4       34%         1

Your spell library contained the following spells:

 Spells                   Type           Power      Damage    Failure   Level
 Beastly Appendage        Tmut           0%         N/A       50%         1
 Magic Dart               Conj           0%         1d3       50%         1
 Searing Ray              Conj           0%         3d3       63%         2
 Wereblood                Tmut           0%         N/A       63%         2
 Vampiric Draining        Necr           2%         2d6       71%         3
 Dazzling Flash           Conj/Hex       0%         N/A       86%         3
 Spider Form              Tmut/Pois      0%         N/A       86%         3
 Fulminant Prism          Conj/Hex       0%         3d6       99%         4
 Ice Form                 Ice/Tmut       0%         N/A       99%         4
 Iskenderun's Mystic Bla  Conj/Tloc      0%         2d3       99%         4
 Hydra Form               Tmut           0%         N/A       100%        5


Dungeon Overview and Level Annotations

Branches:
Dungeon (5/15)
 Temple: D:4-7

Altars:
Sif Muna
Wu Jian

Shops:
D:1 !   D:4 (

Annotations:
D:3 1 runed translucent door, Crazy Yiuf
D:5 Pikel


Innate Abilities, Weirdness & Mutations

You cannot be hasted, slowed, berserked, paralysed or teleported.
You can dig through walls and to a lower floor.
You have a pair of large antennae on your head. (SInv)
Your four strong arms can wield two-handed weapons with a shield.


Message History

Pikel burns you.
You hit Pikel.
Pikel is poisoned.
Pikel is lightly wounded.
Pikel hits you but does no damage. x2
You hit Pikel.
Pikel is lightly wounded.
Pikel hits you with a +2 whip of flaming.
Pikel burns you.
You hit Pikel but do no damage.
Pikel is lightly wounded.
Pikel misses you. Pikel hits you but does no damage.
You hit Pikel.
Pikel looks as sick as possible!
Pikel is lightly wounded.
The lemure looks more healthy.
Pikel zaps a wand.
You struggle to resist.
Pikel zaps a wand.
Your mind is blasted!
You miss Pikel.
Pikel is moderately wounded.
Pikel hits you but does no damage.
You barely miss Pikel.
Pikel is heavily wounded.
Pikel says, "Hell isn't that bad."
Pikel hits you but does no damage.
Pikel zaps a wand.
Your mind is blasted!
You closely miss Pikel.
Pikel is heavily wounded.
Pikel zaps a wand.
You struggle to resist.
You barely miss Pikel.
Pikel is heavily wounded.
Pikel hits you with a +2 whip of flaming.
Pikel burns you.
Pikel hits you with a +2 whip of flaming!
* * * LOW HITPOINT WARNING * * *
Pikel burns you.
* * * LOW HITPOINT WARNING * * *
Okay, then.
You are confused.
You feel invigorated.
Pikel zaps a wand.
Your mind is blasted!
* * * LOW HITPOINT WARNING * * *
Pikel hits you but does no damage.
You bump into the rock wall.
Pikel zaps a wand.
Your mind is blasted!
You die...

###.....# # ... ###.### #.#
##.## #.# ##...## # #.#
#.....### ####.# ##.....##.
##.##.# ##......#..
..5####...#5#########....).....
(.('(......55K@)...............
...####...#5#########...#.##...
##.##.# ##..##.###.. ####.#
#....<.# #.. ..# #..##### #.#
..# #..# .... ...# #..# ###.#
...# #... ...# ..###


You could see Pikel (fast, very poisoned) and 4 lemures.

Vanquished Creatures
  Eustachio (D:5)
  An orc warrior (D:5)
  A necrophage (D:4)
  A scorpion (D:3)
  A gnoll sergeant (D:4)
  A bullfrog zombie (D:4)
  A hound (D:5)
  2 orc wizards
  Robin (D:3)
  12 gnolls
  A white imp (D:4)
  An adder skeleton (D:4)
  A dart slug (D:4)
  8 orcs
  7 ball pythons
  4 endoplasms
  4 giant cockroaches
  14 goblins
  7 hobgoblins
  2 quokkas
  5 bats
  5 kobolds
  2 rats (D:2)
83 creatures vanquished.

Notes
Turn   | Place    | Note
-------+----------+-------------------------------------------
     0 | D:1      | GeorgeSoros the Formicid Wanderer began the quest for the
                  | Orb.
     0 | D:1      | GeorgeSoros set off with the following items: a +0 spear, a
                  | +2 scale mail; and the following spell memorised: Pain; and
                  | the following spells available to memorise: Vampiric
                  | Draining
     0 | D:1      | Reached XP level 1. HP: 15/15 MP: 2/2
   483 | D:1      | Reached XP level 2. HP: 10/21 MP: 3/3
   731 | D:1      | Reached skill level 1 in Necromancy
   734 | D:1      | Reached XP level 3. HP: 24/27 MP: 4/4
   930 | D:1      | Found Kogaenwange's Distillery.
  1083 | D:2      | Found a faded altar of an unknown god.
  1503 | D:3      | Found a runed translucent door.
  1504 | D:3      | Noticed Crazy Yiuf
  1567 | D:3      | Reached XP level 4. HP: 19/33 MP: 5/5
  1872 | D:3      | Found an ornate altar of the Wu Jian Council.
  2110 | D:3      | Noticed Robin
  2655 | D:3      | Killed Robin
  2656 | D:3      | Reached XP level 5. HP: 35/39 MP: 6/6
  3032 | D:4      | Noticed a necrophage
  3056 | D:4      | Killed a necrophage
  3057 | D:4      | Reached XP level 6. HP: 30/47 MP: 7/7
  3815 | D:4      | Found Puan Laomat's Antique Weapon Emporium.
  4454 | D:4      | Reached XP level 7. HP: 34/54 MP: 8/8
  4672 | D:4      | Found a shimmering blue altar of Sif Muna.
  5322 | D:4      | Reached skill level 5 in Armour
  5363 | D:4      | Identified the ring of the Komtur {rN+ MP-9 AC+4 Str+8
                  | Int+2}
  5414 | D:4      | Identified the +3 hunting sling of Inference {venom, Dex+2}
  5738 | D:5      | Entered Level 5 of the Dungeon
  5742 | D:5      | Noticed Eustachio
  5760 | D:5      | Killed Eustachio
  5761 | D:5      | Reached skill level 5 in Fighting
  5761 | D:5      | Reached skill level 1 in Slings
  5930 | D:5      | Reached XP level 8. HP: 62/62 MP: 0/9
  5946 | D:5      | Noticed Pikel
  5969 | D:5      | Blown up by Pikel

Illustrated notes

Levels and vault maps discovered:
D:1:      eino_arrival_cavern_c, layout_rooms, serial_shops,
          nicolae_shop_waterfront
D:2:      layout_rooms, chequers_ecumenical_altar_island, minmay_split_cup_large
D:3:      layout_loops_ring, lemuel_doored_altar, uniq_robin,
          uniq_crazy_yiuf_cottage
D:4:      layout_basic, tgw_sif, serial_shops, shop, lightli_minifort
D:5:      layout_loops_corners, serial_shops, shop, uniq_pikel, uniq_eustachio

Skill      XL: |  1  2  3  4  5  6  7 |
---------------+----------------------+-----
Necromancy     | 1 |  1.1
Shields        | 2 3 4 |  4.8
Fighting       | 2 3 4 5 |  5.2
Armour         | 3 4 5 |  5.6
Slings         | 2 |  2.2
Stealth        | |  1.2
Spellcasting   | |  1.1
Fire Magic     | |  2.0
Air Magic      | |  1.5

Action                   |  1- 3 |  4- 6 |  7- 9 || total
-------------------------+-------+-------+-------++-------
Melee: Spear             |   100 |   190 |    94 ||   384
 Fire: Hunting sling     |       |       |    12 ||    12
Throw: Dart              |     8 |    45 |    15 ||    68
 Abil: Dig               |     1 |       |       ||     1
  Use: Scroll            |     7 |     6 |     2 ||    15
       Potion            |       |     1 |     1 ||     2
Armor: Scale mail        |    57 |   110 |    55 ||   222
Dodge: Dodged            |    41 |    76 |    43 ||   160

Table legend: (Time is in decaauts)
 A = Elapsed time spent in this place.
 B = Non-inter-level travel time spent in this place.
 C = Inter-level travel time spent in this place.
 D = Time resting spent in this place.
 E = Time spent auto-exploring this place.
 F = Levels seen in this place.
 G = Mean time per level.
                   A        B        C        D        E       F      G
               +--------+--------+--------+--------+--------+-----+--------+
         Total |   6006 |   5706 |    300 |    479 |   3787 |   5 | 1201.2 |
       Dungeon |   6006 |   5706 |    300 |    479 |   3787 |   5 | 1201.2 |
               +--------+--------+--------+--------+--------+-----+--------+

Top non-repeatable levels by time:
     D:3: 2157 daAuts
     D:4: 1956 daAuts
     D:1: 1036 daAuts
     D:2: 624 daAuts
     D:5: 231 daAuts
